 Dungeon Crawl Stone Soup version 0.29.0-5-ge4962eb29e (webtiles) character file.

Game seed: 2225830050916753702

158 Destructed3 the Trooper (level 5, -11/37 HPs)
             Began as a Mummy Fighter on Aug 28, 2022.
             Was a Follower of Hepliaklqana.
             Killed from afar by Ijyb (15 damage)
             ... with a bolt of dispelling energy
             ... on level 4 of the Dungeon.
             The game lasted 00:09:56 (2493 turns).

Destructed3 the Trooper (Mummy Fighter)             Turns: 2493, Time: 00:09:56

Health: -11/37     AC:  7    Str: 20    XL:     5   Next: 16%
Magic:  5/5        EV:  9    Int:  9    God:    Hepliaklqana [*.....]
Gold:   141        SH:  4    Dex: 11    Spells: 4/4 levels left

rFire   x . .      SeeInvis .   a - +1 trident
rCold   + . .      Faith    .   c - +0 buckler
rNeg    + + +      Spirit   .   b - +1 scale mail
rPois   ∞          Reflect  .   (no helmet)
rElec   .          Harm     .   (no cloak)
rCorr   .          Rampage  .   (no gloves)
Will    .....                   (no boots)
Stlth   ..........              (no amulet)
HPRegen 0.12/turn               (no ring)
MPRegen 0.09/turn               (no ring)

@: no status effects
A: reduced essence, cold resistance 1, negative energy resistance 3, torment
resistance 2, heat vulnerability 1, in touch with death 1, no potions
a: Renounce Religion, Recall Ancestor, Ancestor Identity


You were on level 4 of the Dungeon.
You worshipped Hepliaklqana.
Hepliaklqana was aware of your devotion.
You visited 1 branch of the dungeon, and saw 4 of its levels.

You collected 141 gold pieces.

Inventory:

Hand Weapons
 a - a +1 trident (weapon)
 i - the +7 dagger of Parts Unknown {vorpal, *Slow rF++ rCorr Int+4}
   (You found it on level 3 of the Dungeon)

   It inflicts extra damage upon your enemies.
   Int:       It affects your intelligence (+4).
   rF:        It greatly protects you from fire.
   rCorr:     It protects you from acid and corrosion.
   *Slow:     It may slow you when you take damage.
Armour
 b - a +1 scale mail (worn)
 c - a +0 buckler (worn)
Magical Staves
 e - a staff of earth
Jewellery
 g - a ring of ice
Scrolls
 f - a scroll of amnesia
 h - a scroll of teleportation


   Skills:
 + Level 3.9 Fighting
 + Level 2.5 Polearms
 + Level 3.2 Armour
 + Level 3.2 Shields


You had 4 spell levels left.
You didn't know any spells.
Your spell library contained the following spells:

 Spells                   Type           Power      Damage    Failure   Level
 Apportation              Tloc           0%         N/A       83%         1
 Sting                    Tmut/Pois      0%         1d3       83%         1
 Blink                    Tloc           0%         N/A       92%         2
 Poisonous Vapours        Pois/Air       0%         N/A       92%         2
 Gell's Gravitas          Tloc           0%         N/A       99%         3
 Olgreb's Toxic Radiance  Pois           0%         N/A       100%        4


Dungeon Overview and Level Annotations

Branches:
Dungeon (4/15)
 Temple: D:4-7

Altars:
Dithmenos
Hepliaklqana

Shops:
D:1 (   D:3 =

Annotations:
D:4 Ijyb


Innate Abilities, Weirdness & Mutations

Your life essence is reduced to manifest your ancestor. (-10% HP)
You are immune to poison.
Your flesh is cold resistant. (rC+)
You are immune to negative energy. (rN+++)
You are immune to unholy pain and torment.
You are vulnerable to heat. (rF-)
You are in touch with the powers of death.
You do not drink.


Message History

HP restored.
Hepliaklqana forms a fragment of your life essence into the memory of your ancestor, Kammani!
You can now recall your ancestor.
You can now remember your ancestor's identity.
Found a stone staircase leading up.
Ijyb and an ogre come into view.
Ijyb is wielding a +0 dagger, wearing a +0 leather armour of cold resistance and carrying a wand of quicksilver (11).
Ijyb shouts!
Found a shadowy altar of Dithmenos and a hazy altar of Hepliaklqana.
A ball python comes into view.
The ancestor shouts!
You swap places.
An endoplasm comes into view.
Kammani hits Ijyb but does no damage.
Ijyb hits Kammani with a +0 dagger.
Kammani hits Ijyb.
Ijyb zaps a wand.
The bolt of dispelling energy hits Kammani!!
Kammani is destroyed!
The bolt of dispelling energy hits you!
Ijyb zaps a wand.
The bolt of dispelling energy misses you.
Ijyb zaps a wand.
The bolt of dispelling energy hits you!
* * * LOW HITPOINT WARNING * * *
Found a clear potion.
There is a stone staircase leading up here.
Ijyb zaps a wand.
The bolt of dispelling energy hits you.
* * * LOW HITPOINT WARNING * * *
A goblin comes into view. It is wielding a +0 club.
The goblin shouts!
The goblin unwields a +0 club.
The goblin wields a +0 sling.
The goblin shoots a sling bullet.
The sling bullet hits you but does no damage.
The goblin shoots a sling bullet.
The sling bullet hits you but does no damage.
The goblin shoots a sling bullet.
The sling bullet hits you.
* * * LOW HITPOINT WARNING * * *
Ijyb screams, "It's all mine!"
The goblin shoots a sling bullet.
You block the sling bullet.
Ijyb zaps a wand.
The bolt of dispelling energy hits you!
You die...

#.#.# #.#.#
#g#.# #.#.#
#.#.# #...#
#..## #.###..#
#...@.!#
...............
#####g##..##..#
#. #..# .# #
#..# # #...
##.## .#


You could see Ijyb and a goblin.

Vanquished Creatures
  An orc priest (D:3)
  6 adders
  A worm (D:3)
  3 dart slugs
  4 orcs (D:3)
  6 ball pythons
  5 bats
  4 endoplasms
  3 giant cockroaches
  5 goblins
  5 hobgoblins
  8 jackals
  A frilled lizard (D:2)
  5 kobolds
  3 rats
60 creatures vanquished.

Vanquished Creatures (others)
  An ancestor (D:4)
  6 fungi (D:2)
7 creatures vanquished.

Grand Total: 67 creatures vanquished

Notes
Turn   | Place    | Note
-------+----------+-------------------------------------------
     0 | D:1      | Destructed3 the Mummy Fighter began the quest for the Orb.
     0 | D:1      | Reached XP level 1. HP: 18/18 MP: 1/1
   255 | D:1      | Reached XP level 2. HP: 20/24 MP: 2/2
   480 | D:1      | Found Yleuggi's Antique Weapon Emporium.
   629 | D:2      | Gained mutation: You are in touch with the powers of death.
                  | [Mummy growth]
   629 | D:2      | Reached XP level 3. HP: 15/29 MP: 3/3
   841 | D:2      | Got Kodil's Spellbook of Dislocation
   995 | D:2      | Found a hazy altar of Hepliaklqana.
  1026 | D:2      | Became a worshipper of Hepliaklqana the Forgotten
  1094 | D:2      | Reached XP level 4. HP: 25/35 MP: 4/4
  1643 | D:3      | Found Paacsyus's Jewellery Shoppe.
  1830 | D:3      | Reached XP level 5. HP: 40/42 MP: 5/5
  2099 | D:3      | Identified the +7 dagger of Parts Unknown {vorpal, *Slow
                  | rF++ rCorr Int+4}
  2438 | D:4      | Reached * piety under Hepliaklqana
  2467 | D:4      | Noticed Ijyb
  2467 | D:4      | Noticed an ogre
  2468 | D:4      | Found a shadowy altar of Dithmenos.
  2468 | D:4      | Found a hazy altar of Hepliaklqana.
  2493 | D:4      | Killed from afar by Ijyb

Illustrated notes

Levels and vault maps discovered:
D:1:      tarquinn_simple_flora_water_d, layout_rooms, serial_shops,
          nicolae_shop_hallway_plus
D:2:      layout_basic, basic_altar, dreamdust_mushroom_princess, kennysheep_nub
D:3:      layout_loops_ring, tso_altar, serial_shops, shop_fountains
D:4:      layout_loops_ring, riverfiend_overflow_shadow_ancestor,
          gammafunk_ghost_arena, uniq_ijyb

Skill      XL: |  1  2  3  4 |
---------------+-------------+-----
Polearms       | 2 |  2.5
Armour         | 3 |  3.2
Shields        | 3 |  3.2
Fighting       | |  3.9

Action                   |  1- 3 |  4- 6 || total
-------------------------+-------+-------++-------
Melee: Trident           |    79 |    84 ||   163
  Use: Scroll            |     5 |     2 ||     7
Armor: Scale mail        |    42 |    56 ||    98
Dodge: Dodged            |    48 |    50 ||    98
Block: Buckler           |    14 |    25 ||    39
